 Dungeon Crawl Stone Soup version 0.28-a0-245-g639a1a48b9 (webtiles) character file.

Game seed: 13830934909403308341

13190 robertstho the Fighter (level 11, -3/156 HPs)
             Began as a Yellow Draconian Berserker on Aug 24, 2021.
             Was an Elder of Trog.
             Slain by Jorgrun (7 damage)
             ... on level 12 of the Dungeon.
             The game lasted 00:21:08 (15800 turns).

robertstho the Fighter (DrBe)                      Turns: 15800, Time: 00:21:08

Health: -3/156     AC:  7    Str: 28    XL:     11   Next: 72%
Magic:  11/11      EV: 20    Int:  8    God:    Trog [****..]
Gold:   635        SH:  4    Dex: 14    Spells: 10/10 levels left

rFire   + . .      SeeInvis +   a - +5 broad axe of Prudence {vorpal, Str+3 Dex+4}
rCold   + . .      Faith    .   A - +0 buckler
rNeg    + . .      Spirit   .   (armour unavailable)
rPois   .          Reflect  .   D - +0 hat "Qosit" {rN+ Str+2}
rElec   .          Harm     .   B - scarf {rC+ rF+}
rCorr   +          Rampage  .   (no gloves)
Will    .....                   (no boots)
Stlth   ..........              (no amulet)
HPRegen 0.36/turn               K - +4 ring of evasion
MPRegen 0.12/turn               I - ring of see invisible

@: berserking (expiring), studying Fighting, very quick
A: spit acid, AC +7, unfitting armour, cold-blooded, acid resistance
a: Breathe Acid, Renounce Religion, Berserk, Trog's Hand, Brothers in Arms


You were on level 12 of the Dungeon.
You worshipped Trog.
Trog was greatly pleased with you.
You visited 1 branch of the dungeon, and saw 12 of its levels.
You visited the Abyss 1 time.
You also visited: Bailey.

You collected 1368 gold pieces.
You spent 733 gold pieces at shops.

Inventory:

Hand Weapons
 a - the +5 broad axe of Prudence (weapon) {vorpal, Str+3 Dex+4}
   (You found it on level 6 of the Dungeon)

   It inflicts extra damage upon your enemies.
   Str:       It affects your strength (+3).
   Dex:       It affects your dexterity (+4).
 s - a +2 scimitar of flaming
 u - a +0 war axe
 F - a +5 spear of flaming
 G - a +0 broad axe
Missiles
 m - 9 throwing nets (quivered)
Armour
 A - a +0 buckler (worn)
 B - a scarf of resistance (worn)
 D - the +0 hat "Qosit" (worn) {rN+ Str+2}
   (You bought it in a shop on level 9 of the Dungeon)

   Str:       It affects your strength (+2).
   rN:        It protects you from negative energy.
Jewellery
 k - a ring of protection from cold
 l - a ring of protection from cold
 x - a ring of magical power
 y - a ring of flight
 I - a ring of see invisible (right hand)
 K - a +4 ring of evasion (left hand)
 M - a ring of willpower
Wands
 r - a wand of acid (7)
 E - a wand of charming (8)
Scrolls
 c - 3 scrolls of enchant weapon
 e - 6 scrolls of teleportation
 f - 2 scrolls of holy word
 g - 4 scrolls of immolation
 h - a scroll of vulnerability
 i - a scroll of silence
 n - 3 scrolls of enchant armour
 v - a scroll of magic mapping
 L - a scroll of summoning
 N - a scroll of fog
 O - a scroll of blinking
Potions
 b - 5 potions of heal wounds
 d - a potion of might {unknown}
 j - 3 potions of berserk rage {unknown}
 o - 2 potions of brilliance {unknown}
 p - 2 potions of magic {unknown}
 q - a potion of mutation {unknown}
 t - 2 potions of ambrosia
 w - 3 potions of haste {unknown}
 z - 2 potions of cancellation {unknown}
 C - 2 potions of flight {unknown}
Miscellaneous
 H - a condenser vane


   Skills:
 * Level 12.3 Fighting
 + Level 11.9 Axes
 * Level 9.3 Dodging
 + Level 3.8 Stealth
 + Level 2.0 Shields


You had 10 spell levels left.
You didn't know any spells.
Your spell library was empty.

Dungeon Overview and Level Annotations

Branches:
Dungeon (12/15)            Temple (0/1) D:6            Lair (0/6) D:8
 Bailey (visited)
    Orc: D:9-12

Altars:
Ashenzari
Cheibriados
Dithmenos
Elyvilon
Gozag
Qazlal
Sif Muna
Uskayaw
Vehumet
Wu Jian
Xom
Yredelemnul
The Shining One

Shops:
D:9 (!?*[

Portals:
Trove: D:11 (give +2 storm dragon scales)

Annotations:
D:3 1 runed translucent door, Ndrwtcm's ghost, amateur HOFi
D:9 Potion shop
D:12 Jorgrun


Innate Abilities, Weirdness & Mutations

You can spit globs of acid.
Your golden yellow scales are hard. (AC +7)
You cannot fit into any form of body armour.
You are cold-blooded and may be slowed by cold attacks.
You are resistant to acid. (rCorr)


Message History

The troll is severely wounded.
The troll bites you! The troll closely misses you. The troll claws you!
You slash the troll!
You kill the troll!
Trog accepts your kill.
The troll leather armour is intact enough to wear.
Jorgrun closely misses you.
A red film seems to cover your vision as you go berserk!
You feel yourself moving faster!
You feel mighty! Jorgrun gestures at you while chanting.
The iron shot hits you!!
You closely miss Jorgrun. You slash Jorgrun!
Jorgrun is lightly wounded.
You block Jorgrun's attack.
You completely miss Jorgrun.
Your tail-slap misses Jorgrun.
Jorgrun is lightly wounded.
Jorgrun misses you.
You slash Jorgrun!
Jorgrun is moderately wounded.
You miss Jorgrun.
Jorgrun is moderately wounded.
Jorgrun hits you with a +0 vorpal quarterstaff!!
You slash Jorgrun!
Jorgrun is moderately wounded.
Jorgrun completely misses you.
You slash Jorgrun!
Your tail-slap misses Jorgrun.
Jorgrun is heavily wounded.
Jorgrun hits you with a +0 vorpal quarterstaff!
You barely miss Jorgrun.
Jorgrun is heavily wounded.
You slice Jorgrun!!
Jorgrun is almost dead.
Jorgrun casts a spell at you. The iron shot hits you!!!
* * * LOW HITPOINT WARNING * * *
You slash Jorgrun!
Jorgrun is almost dead.
Jorgrun hits you with a +0 vorpal quarterstaff!
You die...

#..# #..# #........
#..# #..# #........
#..# #..# ......
#..####..####......
#..................
#................
#..###.........#
#..# #<.....g..#
#..###.....@...###
#..........[.......
#..................
###################


You could see Jorgrun.

Vanquished Creatures
  Josephine (D:11)
  Erolcha (D:10)
  A hydra (D:11)
  Erica (D:9)
  A two-headed ogre (D:10)
  An ugly thing (D:11)
  A manticore (D:8)
  A komodo dragon (D:8)
  A troll (D:12)
  Sigmund (D:5)
  A shadow (D:9)
  13 yaks
  A vampire (D:12)
  4 wraiths (D:11)
  A steam dragon (D:7)
  Duvessa (D:7)
  A water moccasin (D:7)
  4 orc warriors
  3 sky beasts
  An ice beast (D:6)
  3 ogres
  2 black bears
  4 necrophages
  A phantom (D:6)
  A centaur (D:10)
  2 kobold brigands
  6 bullfrogs
  6 gnoll sergeants (Bailey)
  4 scorpions
  Dowan (D:7)
  3 killer bees (D:10)
  5 howler monkeys
  7 wights
  7 crimson imps (D:11)
  A bullfrog zombie (D:5)
  2 centaur zombies
  8 hounds
  2 jellies
  A bullfrog skeleton (D:4)
  A centaur skeleton (D:5)
  3 orc priests
  4 gnoll shamans (Bailey)
  7 iguanas
  8 orc wizards
  A hound skeleton (D:5)
  A howler monkey zombie (D:9)
  A howler monkey skeleton (D:4)
  27 gnolls
  6 adders
  4 white imps
  An ufetubus (D:6)
  An adder skeleton (D:4)
  A worm (D:4)
  4 dart slugs (D:1)
  41 orcs
  7 endoplasms
  4 giant cockroaches
  11 goblins
  6 hobgoblins
  13 jackals (D:5)
  3 quokkas (D:1)
  7 ball pythons
  7 bats
  7 frilled lizards
  13 kobolds
  9 rats
304 creatures vanquished.

Vanquished Creatures (collateral kills)
  3 gnoll sergeants
  2 gnoll shamans (Bailey)
  4 gnolls
9 creatures vanquished.

Vanquished Creatures (others)
  A white imp (D:7)
  A ball python (D:3)
  8 fungi
  11 plants
21 creatures vanquished.

Grand Total: 334 creatures vanquished

Notes
Turn   | Place    | Note
-------+----------+-------------------------------------------
     0 | D:1      | robertstho the Draconian Berserker began the quest for the
                  | Orb.
     0 | D:1      | Reached XP level 1. HP: 19/19 MP: 1/1
   106 | D:1      | Reached XP level 2. HP: 10/27 MP: 2/2
   669 | D:1      | Reached XP level 3. HP: 29/33 MP: 3/3
   674 | D:1      | Reached ** piety under Trog
  1151 | D:2      | Reached skill level 4 in Fighting
  1263 | D:2      | Found a faded altar of an unknown god.
  1388 | D:2      | Reached XP level 4. HP: 38/40 MP: 4/4
  1956 | D:3      | Found a runed translucent door.
  1959 | D:3      | Noticed Ndrwtcm's ghost (amateur HOFi)
  2202 | D:3      | Noticed a fire elemental
  2203 | D:3      | Found a stormy altar of Qazlal.
  2300 | D:3      | Noticed a water elemental
  2301 | D:3      | Noticed an earth elemental
  2301 | D:3      | Noticed an air elemental
  2345 | D:3      | Found a glowing golden altar of the Shining One.
  2347 | D:3      | Noticed an angel
  2360 | D:3      | Found a basalt altar of Yredelemnul.
  2378 | D:3      | Noticed a profane servitor
  2681 | D:4      | Reached XP level 5. HP: 44/47 MP: 5/5
  3027 | D:4      | Found a hide-covered altar of Uskayaw.
  3092 | D:4      | Noticed a necrophage
  3102 | D:4      | Reached skill level 1 in Stealth
  3103 | D:4      | Killed a necrophage
  3104 | D:4      | Reached skill level 5 in Fighting
  3104 | D:4      | Reached XP level 6. HP: 8/56 MP: 6/6
  3106 | D:4      | Reached *** piety under Trog
  3106 | D:4      | HP: 2/56 [poisoned by a kobold]
  3469 | D:4      | Found a shimmering blue altar of Sif Muna.
  3935 | D:5      | Entered Level 5 of the Dungeon
  4172 | D:5      | Reached skill level 5 in Axes
  4172 | D:5      | Your scales start taking on a golden yellow colour.
  4172 | D:5      | Reached XP level 7. HP: 61/61 MP: 7/7
  4172 | D:5      | Gained mutation: You are resistant to acid. (rCorr) [Yellow
                  | Draconian growth]
  4457 | D:5      | Reached skill level 5 in Dodging
  4746 | D:5      | Reached skill level 6 in Fighting
  5184 | D:5      | Noticed Sigmund
  5206 | D:5      | Killed Sigmund
  5207 | D:5      | Reached XP level 8. HP: 70/71 MP: 8/8
  6205 | D:5      | Reached **** piety under Trog
  6791 | D:6      | Reached skill level 7 in Fighting
  7354 | D:6      | Identified the +5 broad axe of Prudence {vorpal, Str+3
                  | Dex+4}
  7501 | D:6      | Found a shadowy altar of Dithmenos.
  7511 | D:6      | Reached XP level 9. HP: 72/79 MP: 9/9
  7801 | D:6      | Found a staircase to the Ecumenical Temple.
  7905 | D:6      | Found an opulent altar of Gozag.
  8161 | D:7      | Reached skill level 8 in Fighting
  8603 | D:7      | Noticed Dowan
  8605 | D:7      | Noticed Duvessa
  8613 | D:7      | Killed Dowan
  8615 | D:7      | Killed Duvessa
  9271 | D:8      | Found a radiant altar of Vehumet.
  9341 | D:8      | Found a staircase to the Lair.
  9344 | D:8      | Noticed a manticore
  9358 | D:8      | Killed a manticore
  9359 | D:8      | Reached skill level 9 in Fighting
  9359 | D:8      | Reached XP level 10. HP: 37/91 MP: 10/10
  9529 | D:8      | Found a flagged portal.
  9553 | Bailey   | Entered a bailey
 10396 | Bailey   | Found the +4 robe of Augmentation {Str+4 Int+4 Dex+4}
 11280 | D:9      | Found Xeviy's Antique Armour Emporium.
 11469 | D:9      | Reached skill level 10 in Axes
 11469 | D:9      | Reached skill level 1 in Shields
 11551 | D:9      | Bought an embroidered scarf for 232 gold pieces
 11551 | D:9      | Bought a steaming hat for 261 gold pieces
 11551 | D:9      | Identified the +0 hat "Qosit" {rN+ Str+2} (You bought it in
                  | a shop on level 9 of the Dungeon)
 11748 | D:9      | Found a broken altar of Ashenzari.
 11807 | D:9      | Found a shimmering altar of Xom.
 11956 | D:9      | Noticed Erica
 11967 | D:9      | Killed Erica
 11968 | D:9      | Reached skill level 10 in Fighting
 12417 | D:9      | Found Oxkipud's Magic Scroll Boutique.
 12422 | D:9      | Found Kuadux's Distillery.
 12425 | D:9      | Bought a scroll of teleportation for 39 gold pieces
 12425 | D:9      | Bought a scroll of identify for 26 gold pieces
 12425 | D:9      | Bought a scroll of identify for 26 gold pieces
 12425 | D:9      | Bought a scroll of teleportation for 39 gold pieces
 12425 | D:9      | Bought a scroll of teleportation for 39 gold pieces
 12425 | D:9      | Bought a scroll of fear for 45 gold pieces
 12517 | D:9      | Found Bonn's Antique Weapon Emporium.
 12587 | D:9      | Found Xirphir's Assorted Antiques.
 12779 | D:10     | Entered Level 10 of the Dungeon
 12818 | D:10     | Noticed Erolcha
 12831 | D:10     | Cast into level 1 of the Abyss (Erolcha)
 12854 | D:10     | Escaped the Abyss
 12869 | D:9      | Bought a scroll labelled MYROAM ANNOSO for 26 gold pieces
 12980 | D:10     | Killed Erolcha
 12981 | D:10     | Reached XP level 11. HP: 101/101 MP: 11/11
 12999 | D:10     | Noticed a two-headed ogre
 13010 | D:10     | Killed a two-headed ogre
 13225 | D:10     | Found an ornate altar of the Wu Jian Council.
 13269 | D:10     | Found a white marble altar of Elyvilon.
 13340 | D:10     | Reached skill level 11 in Fighting
 13765 | D:10     | Found a snail-covered altar of Cheibriados.
 14172 | D:11     | Noticed a red ugly thing
 14182 | D:11     | Killed a red ugly thing
 14565 | D:11     | Acquired a manual of Fighting
 14885 | D:11     | Noticed Josephine
 14895 | D:11     | Noticed an eight-headed hydra
 14905 | D:11     | Killed Josephine
 14906 | D:11     | Killed a 12-headed hydra
 14907 | D:11     | Reached skill level 12 in Fighting
 15164 | D:11     | Found a portal to a secret trove of treasure.
 15785 | D:12     | Noticed Jorgrun
 15799 | D:12     | HP: 3/156 [Jorgrun/iron shot (46)]
 15800 | D:12     | Slain by Jorgrun

Illustrated notes

Levels and vault maps discovered:
D:1:      amcnicky_arrival_underground_garden, layout_rooms,
          kennysheep_nondescript
D:2:      layout_loops_ring, dreamdust_ecumenical_altar_angels_and_demons
D:3:      layout_basic, grunt_temple_overflow_holy_war,
          nicolae_qazlal_style_of_elements, ebering_ghost_reflecting_pool
D:4:      layout_rooms, nicolae_sif_muna_condensation,
          mainiacjoe_overflow_alcove_4, serial_rivers,
          chequers_serial_rivers_room_a, chequers_serial_rivers_micro_b,
          chequers_serial_rivers_micro_e, chequers_serial_rivers_micro_d,
          chequers_serial_rivers_marsh, chequers_serial_rivers_large_a,
          minmay_crossroads
D:5:      lemuel_castle_with_subvaults [lemuel_castle_interior_carwin_2],
          layout_loops_corners, uniq_sigmund
D:6:      layout_cave_pods, mainiacjoe_overflow_alcove_2,
          grunt_dithmenos_shadows, temple_green
D:7:      layout_basic, st_stairs_9, uniq_duvessa
D:8:      layout_loops_ring, vehumet_crystals, dpeg_oklobed_lair,
          enter_bailey_5, minmay_lizard_king
D:9:      layout_roguey, mainiacjoe_overflow_boulevard,
          nicolae_overflow_hidden_temple, serial_shops, shop,
          nicolae_take_the_stairs, shop, nicolae_shop_trees, shop_statue,
          uniq_erica
D:10:     layout_roguey, elyvilon_altar_4, amcnicky_altar_gilded,
          general_overflow_altar, minmay_door_square, kennysheep_dice,
          uniq_erolcha
D:11:     layout_stronghold, enter_trove_3, minmay_nine_imps, uniq_josephine
D:12:     layout_small_grid, orc_0_dummy, uniq_jorgrun, uniq_urug, uniq_sonja

Skill      XL: |  1  2  3  4  5  6  7  8  9 10 11 |
---------------+----------------------------------+-----
Dodging        | 3 4 5 6 7 8 9 |  9.3
Fighting       | 4 5 6 7 9 10 12 | 12.3
Axes           | 4 5 7 9 10 11 | 11.9
Stealth        | 1 2 3 |  3.8
Shields        | 1 2 |  2.0

Action                   |  1- 3 |  4- 6 |  7- 9 | 10-12 || total
-------------------------+-------+-------+-------+-------++-------
Melee: Hand axe          |   102 |   139 |   306 |       ||   547
       Tailslap          |     7 |    21 |    61 |    31 ||   120
       Broad axe         |       |       |    81 |   230 ||   311
       War axe           |       |       |     8 |       ||     8
Invok: Berserk           |       |     5 |    10 |    15 ||    30
       Trog's Hand       |       |     1 |       |     2 ||     3
       Brothers in Arms  |       |       |       |     3 ||     3
 Abil: Breathe Acid      |       |       |     5 |     6 ||    11
  Use: Scroll            |       |     5 |       |    14 ||    19
       Potion            |       |     3 |       |     3 ||     6
 Stab: Sleeping          |       |       |     1 |     2 ||     3
       Distracted        |       |       |     1 |       ||     1
Armor: Skin              |    35 |    57 |   111 |    48 ||   251
Dodge: Dodged            |    80 |    95 |   273 |   190 ||   638
Block: Buckler           |       |       |    10 |    51 ||    61

Table legend: (Time is in decaauts)
 A = Elapsed time spent in this place.
 B = Non-inter-level travel time spent in this place.
 C = Inter-level travel time spent in this place.
 D = Time resting spent in this place.
 E = Time spent auto-exploring this place.
 F = Levels seen in this place.
 G = Mean time per level.
                   A        B        C        D        E       F      G
               +--------+--------+--------+--------+--------+-----+--------+
         Total |  16198 |  15680 |    518 |   3245 |   9834 |  14 | 1157.0 |
       Dungeon |  15232 |  14714 |    518 |   2858 |   9478 |  12 | 1269.3 |
         Abyss |     31 |     31 |      0 |      7 |      0 |   1 |   31.0 |
        Bailey |    935 |    935 |      0 |    379 |    356 |   1 |  935.0 |
               +--------+--------+--------+--------+--------+-----+--------+

Top non-repeatable levels by time:
     D:5: 3187 daAuts
    D:11: 1774 daAuts
     D:9: 1482 daAuts
     D:7: 1365 daAuts
     D:6: 1115 daAuts
     D:3: 1114 daAuts
     D:8: 1110 daAuts
     D:4: 1100 daAuts
    D:10: 1085 daAuts
     D:1: 1063 daAuts
  Bailey: 935 daAuts
     D:2: 741 daAuts
    D:12: 90 daAuts
 Abyss:1: 31 daAuts
